 Dungeon Crawl Stone Soup version 0.29-a0-103-g37f86683bf (webtiles) character file.

Game seed: 3415188552447296575

187080 siradein the Warrior (level 17, 0/162 HPs)
             Began as a Green Draconian Berserker on Feb 15, 2022.
             Was the Champion of Trog.
             Slain by an entropy weaver (1 damage)
             ... on level 4 of the Spider Nest on Feb 16, 2022.
             The game lasted 02:20:47 (33122 turns).

siradein the Warrior (Green Draconian Berserker)   Turns: 33122, Time: 02:20:48

Health: 0/162      AC: 12    Str: 20    XL:     17   Next: 86%
Magic:  17/17      EV: 19    Int: 10    God:    Trog [******]
Gold:   2787       SH: 19    Dex: 17    Spells: 16/16 levels left

rFire   . . .      SeeInvis +   C - +10 flail "Tuinux" {flame, rElec Will+ Int-3}
rCold   . . .      Faith    .   w - +0 tower shield
rNeg    . . .      Spirit   .   (armour unavailable)
rPois   +          Reflect  .   y - +3 crown of Dyrovepreva {rElec Int+2 SInv}
rElec   +          Harm     .   r - +2 cloak {Will+}
rCorr   .          Rampage  .   u - +0 pair of gloves
Will    +++..                   (no boots)
Stlth   ++........              g - amulet of regeneration
HPRegen 1.17/turn               p - +4 ring of slaying
MPRegen 0.15/turn               O - ring of Juergh {AC+4 Int+2}

@: corroded, studying Throwing
A: breathe noxious fumes, AC +9, unfitting armour, stinger 1, poison resistance,
cold-blooded
a: Breathe Noxious Fumes, Renounce Religion, Berserk, Trog's Hand, Brothers in
Arms


You were on level 4 of the Spider Nest.
You worshipped Trog.
Trog was exalted by your worship.
You visited 5 branches of the dungeon, and saw 31 of its levels.
You also visited: Gauntlet.

You collected 3271 gold pieces.
You spent 484 gold pieces at shops.

Inventory:

Hand Weapons
 C - the +10 flail "Tuinux" (weapon) {flame, rElec Will+ Int-3}
   (Trog gifted it to you on level 1 of the Orcish Mines)

   It burns those it strikes, dealing additional fire damage.
   Int:       It affects your intelligence (-3).
   rElec:     It insulates you from electricity.
   Will:      It increases your willpower.
 D - a +3 antimagic eveningstar
Missiles
 Z - 6 curare-tipped darts
Armour
 r - a +2 cloak of willpower (worn)
 u - a +0 pair of gloves (worn)
 w - a +0 tower shield (worn)
 y - the +3 crown of Dyrovepreva (worn) {rElec Int+2 SInv}
   (You acquired it on level 15 of the Dungeon)

   Int:       It affects your intelligence (+2).
   rElec:     It insulates you from electricity.
   SInv:      It lets you see invisible.
 I - the +0 buckler of the Spheres {rF++ Will- MP+9 SInv}
   (You bought it in a shop on level 14 of the Dungeon)

   rF:        It greatly protects you from fire.
   MP:        It affects your magic capacity (+9).
   SInv:      It lets you see invisible.
   Will:      It decreases your willpower.
Jewellery
 e - a ring of flight
 g - an amulet of regeneration (around neck)
 n - a ring of magical power
 p - a +4 ring of slaying (left hand)
 G - a ring of resist corrosion
 N - the ring of Vammy {Will++ Str+6}
   (You found it in a Gauntlet)

   [ring of strength]

   Str:       It affects your strength (+6).
   Will:      It greatly increases your willpower.
 O - the ring of Juergh (right hand) {AC+4 Int+2}
   (You found it in a Gauntlet)

   [ring of protection]

   AC:        It affects your AC (+4).
   Int:       It affects your intelligence (+2).
 Q - a ring of willpower
 R - a ring of protection from fire
 U - the ring of Yredelemnul's Hope {rC+ Int+6}
   (You found it on level 2 of the Spider Nest)

   [ring of intelligence]

   Int:       It affects your intelligence (+6).
   rC:        It protects you from cold.
Wands
 i - a wand of flame (94)
 t - a wand of polymorph (13)
 z - a wand of digging (26)
 H - a wand of mindburst (21)
 L - a wand of acid (11)
 S - a wand of charming (5)
 T - a wand of iceblast (4)
Scrolls
 a - 5 scrolls of enchant weapon
 d - 4 scrolls of enchant armour
 f - 5 scrolls of fog
 h - 3 scrolls of fear
 l - 4 scrolls of immolation
 o - 10 scrolls of teleportation
 q - 8 scrolls of blinking
 s - 3 scrolls of summoning
 W - 2 scrolls of holy word
 X - a scroll of silence
 Y - a scroll of magic mapping
Potions
 c - 4 potions of cancellation
 j - 4 potions of mutation
 k - 4 potions of magic
 v - 3 potions of heal wounds
 x - 11 potions of curing
 A - 8 potions of flight
 E - 5 potions of lignification
 F - 3 potions of haste
 J - 3 potions of resistance {unknown}
 K - 3 potions of invisibility {unknown}
 P - a potion of ambrosia {unknown}
 V - 2 potions of berserk rage
Miscellaneous
 b - a lightning rod (4/4)
 m - a phial of floods
 B - a phantom mirror
 M - a tin of tremorstones (2/2)


   Skills:
 + Level 17.5 Fighting
 + Level 15.7 Maces & Flails
 + Level 14.9 Dodging
 + Level 14.2 Shields
 + Level 13.6 Evocations


You had 16 spell levels left.
You didn't know any spells.
Your spell library was empty.

Dungeon Overview and Level Annotations

Branches:
Dungeon (15/15)            Temple (0/1) D:7            Lair (6/6) D:10
  Swamp (4/4) Lair:2       Spider (4/4) Lair:4        Slime (0/5) Lair:6
    Orc (2/2) D:12            Elf (0/3) Orc:2        Vaults (0/5) D:14
 Depths (0/4) D:15        Gauntlet (visited)

Altars:
Qazlal
Trog
The Shining One
Beogh

Shops:
D:3 [   D:7 :   D:10 (   D:14 *   Orc:2 [(*:

Portals:
Trove: D:12 (give 12 potions of heal wounds)

Annotations:
Swamp:4 Mara


Innate Abilities, Weirdness & Mutations

You can breathe blasts of noxious fumes.
Your lurid green scales are hard. (AC +9)
You cannot fit into any form of body armour.
Your tail ends in a venomous barb.
Your system is resistant to poisons. (rPois)
You are cold-blooded and may be slowed by cold attacks.


Message History

The entropy weaver misses you. The entropy weaver closely misses you.
The boulder beetle hits you!!!
The boulder beetle stops rolling and uncurls.
You hear a chilling moan.
You are too injured to fight recklessly!
Unknown command.
You are too injured to fight recklessly!
You hit the boulder beetle but do no damage.
You tail-slap the boulder beetle, but do no damage.
The boulder beetle is almost dead.
You block the entropy weaver's attack. The entropy weaver hits you.
You block the entropy weaver's attack. The entropy weaver hits you.
The entropy weaver hits you! The entropy weaver barely misses you.
The entropy weaver completely misses you.
The entropy weaver hits you. The boulder beetle bites you!
You barely miss the boulder beetle.
The boulder beetle is severely wounded.
You block the entropy weaver's attack. The entropy weaver closely misses you.
The entropy weaver hits you!
* * * LOW HITPOINT WARNING * * *
The entropy weaver hits you but does no damage.
You block the entropy weaver's attack. The entropy weaver misses you.
The entropy weaver hits you but does no damage. x2
A pharaoh ant comes into view.
The entropy weaver hits you!
* * * LOW HITPOINT WARNING * * *
The entropy weaver closely misses you. You block the entropy weaver's attack.
The entropy weaver hits you but does no damage.
The boulder beetle bites you!
* * * LOW HITPOINT WARNING * * *
You hit the boulder beetle but do no damage.
The boulder beetle is severely wounded.
The entropy weaver hits you.
* * * LOW HITPOINT WARNING * * *
You block the entropy weaver's attack. The entropy weaver hits you!
* * * LOW HITPOINT WARNING * * *
The entropy weaver hits you.
* * * LOW HITPOINT WARNING * * *
The entropy weaver hits you.
You die...

........##...^#
.......)^....##
.##.B..^.## ##.....##
##.....## ##..^..###
#..w....# #..BB...#
#...@B..# #......###
#........## ###
#^....^...###.##
##....^..###...#
###^###..#...######
###.##..^.......##
###...##.##.......#
####.#....#####......#


You could see a boulder beetle, 2 entropy weavers, a steelbarb worm and a
pharaoh ant.

Vanquished Creatures
  Nikola (Swamp:3)
  A tentacled monstrosity (Swamp:2)
  Jorgrun (Swamp:2)
  A thorn hunter (Swamp:3)
  Kirke (D:14)
  2 fenstrider witches (Swamp:3)
  2 ghost moths
  Louise (Swamp:3)
  2 emperor scorpions (Spider:3)
  3 orc warlords
  Aizul (Swamp:2)
  The ghost of Hailok the Impaler, a journeyman MfGl of the Shining One (Lair:2)
  2 broodmothers
  4 eleionomae
  3 spark wasps
  A minotaur (Gauntlet)
  2 entropy weavers
  A dire elephant (Lair:6)
  3 bunyips
  Erolcha (D:10)
  Fannar (D:11)
  A rakshasa (D:15)
  The ghost of DrKleor the Victor of a Thousand Battles, a journeyman DsFi of Okawaru (Lair:2)
  9 hydras
  7 vault guards (D:14)
  3 ghost crabs
  3 jorogumos
  4 boulder beetles
  An ogre mage (D:15)
  A death knight (D:14)
  The ghost of Deaus the Cleaver, a journeyman VSFi of Gozag (Lair:2)
  8 centaur warriors
  2 radroaches
  3 catoblepae
  3 two-headed ogres (D:15)
  10 alligators
  A deep troll shaman (Lair:6)
  2 tengu warriors
  20 death yaks
  Sonja (Lair:5)
  2 sun moths (Spider:3)
  7 pharaoh ants
  A fire crab (shapeshifter) (D:14)
  6 goliath frogs
  The ghost of Getsikk Qajo the Covert, a novice FeDe of Dithmenos (Lair:2)
  2 spriggan druids (Swamp:2)
  6 steelbarb worms
  A wizard (D:15)
  3 swamp dragons
  3 bog bodies
  6 orb spiders
  A lindwurm (Lair:6)
  An orange crystal statue (Gauntlet)
  4 orc knights
  4 deep elf pyromancers
  3 deep elf zephyrmancers
  Pikel (D:6)
  A necromancer (D:15)
  A harpy (shapeshifter) (D:15)
  3 will-o-the-wisps
  A manticore (D:11)
  10 ugly things
  8 orc sorcerers
  2 moths of wrath
  14 wolf spiders
  6 cyclopes
  A molten gargoyle (Lair:4)
  8 elephants (Lair:6)
  A black mamba (Lair:6)
  17 cane toads
  3 torpor snails
  Psyche (D:9)
  An efreet (D:15)
  7 demonic crawlers
  2 rime drakes
  A freezing wraith (D:14)
  13 komodo dragons
  A komodo dragon (shapeshifter) (D:14)
  2 tengu conjurers (D:15)
  A bloated husk (Swamp:3)
  A hornet (shapeshifter) (D:14)
  4 tyrant leeches
  A meliai (shapeshifter) (D:13)
  11 meliai
  8 polar bears
  5 trolls
  A wind drake (shapeshifter) (D:15)
  Grinder (D:6)
  5 hornets
  11 tarantellas
  A queen bee (Gauntlet)
  18 slime creatures
  22 blink frogs
  20 dream sheep
  A jumping spider (shapeshifter) (D:15)
  8 jumping spiders
  3 centaur simulacra
  14 culicivoras
  A human (D:14)
  4 wyverns
  4 spriggans
  34 yaks
  3 wraiths
  A fire elemental (Lair:4)
  A vampire (D:11)
  A steam dragon (D:7)
  10 water elementals
  8 vampire mosquitoes
  6 basilisks
  30 redbacks
  A harpy simulacrum (D:15)
  A redback simulacrum (D:15)
  5 wargs
  9 swamp worms
  Edmund (D:6)
  14 water moccasins
  An acid dragon (D:12)
  52 orc warriors
  6 black bears
  An ice beast (D:7)
  3 sky beasts
  2 swamp drakes
  A necrophage (D:6)
  11 ogres
  13 wolves
  6 centaurs
  2 lemures (D:6)
  A kobold brigand (D:7)
  A phantom (D:5)
  10 bullfrogs
  4 gnoll sergeants
  4 scorpions
  A wyvern zombie (D:8)
  14 killer bees
  A water moccasin skeleton (D:5)
  5 wights (D:7)
  A howler monkey (D:10)
  12 electric eels
  2 bullfrog zombies (D:5)
  7 centaur zombies
  A lava snake (Lair:4)
  4 jellies
  Crazy Yiuf (D:3)
  25 orc priests
  A bullfrog skeleton (D:2)
  2 hounds
  A gnoll shaman (D:8)
  Jessica (D:3)
  Ijyb (D:4)
  7 hell rats
  3 iguanas
  30 orc wizards
  A killer bee zombie (D:8)
  31 gnolls
  2 white imps
  2 worms
  9 dart slugs
  118 orcs
  7 ball pythons
  7 endoplasms
  4 giant cockroaches
  7 goblins
  4 hobgoblins
  7 kobolds
  2 quokkas (D:1)
  6 bats
  A frilled lizard (D:1)
  7 rats
995 creatures vanquished.

Vanquished Creatures (collateral kills)
  Roxanne (Swamp:1)
  An ice dragon (D:14)
  An obsidian statue (D:13)
  2 killer bees (Gauntlet)
5 creatures vanquished.

Vanquished Creatures (others)
  An alligator (Swamp:1)
  2 tyrant leeches (Spider:1)
  2 water elementals (D:15)
  4 humans (D:14)
  A redback (Spider:3)
  A dart slug (D:7)
  2 orcs (Orc:2)
  7 demonic plants (Gauntlet)
  14 foxfires
  13 fungi
  47 plants
  2 withered plants (Lair:2)
96 creatures vanquished.

Grand Total: 1096 creatures vanquished

Notes
Turn   | Place    | Note
-------+----------+-------------------------------------------
     0 | D:1      | siradein the Draconian Berserker began the quest for the
                  | Orb.
     0 | D:1      | Reached XP level 1. HP: 19/19 MP: 1/1
    84 | D:1      | Found a faded altar of an unknown god.
    92 | D:1      | Reached XP level 2. HP: 3/26 MP: 2/2
   929 | D:1      | Reached XP level 3. HP: 33/33 MP: 3/3
  1219 | D:2      | Reached ** piety under Trog
  1381 | D:2      | Reached skill level 4 in Fighting
  1381 | D:2      | Reached XP level 4. HP: 33/40 MP: 4/4
  2003 | D:2      | Reached XP level 5. HP: 41/47 MP: 5/5
  2438 | D:3      | Noticed Jessica
  2444 | D:3      | Killed Jessica
  2590 | D:3      | Found a runed translucent door.
  2591 | D:3      | Noticed Crazy Yiuf
  2593 | D:3      | Identified the +8 mace of Jatiom Qupe {protect, rPois}
  2849 | D:3      | Found Meghie's Antique Armour Shoppe.
  3072 | D:4      | Noticed Ijyb
  3114 | D:4      | Killed Ijyb
  3303 | D:4      | Reached skill level 5 in Fighting
  3979 | D:5      | Entered Level 5 of the Dungeon
  3991 | D:5      | Reached XP level 6. HP: 56/56 MP: 6/6
  4121 | D:5      | Reached skill level 5 in Maces & Flails
  4420 | D:5      | Your scales start taking on a lurid green colour.
  4420 | D:5      | Reached XP level 7. HP: 62/62 MP: 7/7
  4420 | D:5      | Gained mutation: Your system is resistant to poisons.
                  | (rPois) [Green Draconian growth]
  4486 | D:5      | Reached skill level 6 in Fighting
  4486 | D:5      | Reached skill level 5 in Dodging
  4551 | D:5      | Reached *** piety under Trog
  5838 | D:6      | Reached XP level 8. HP: 69/71 MP: 8/8
  5877 | D:6      | Reached skill level 7 in Fighting
  5953 | D:6      | Noticed Pikel
  5975 | D:6      | Killed Pikel
  6028 | D:6      | Reached skill level 8 in Fighting
  6211 | D:6      | Found a glowing golden altar of the Shining One.
  6241 | D:6      | Noticed Edmund
  6255 | D:6      | Killed Edmund
  6259 | D:6      | Reached XP level 9. HP: 76/81 MP: 9/9
  6297 | D:6      | Noticed Grinder
  6330 | D:6      | Paralysed by Grinder for 2 turns
  6341 | D:6      | Killed Grinder
  6552 | D:3      | Killed Crazy Yiuf
  6560 | D:3      | Identified the +9 mace of Doubt {drain, rPois rN+ Dex+4}
  7059 | D:7      | Reached skill level 1 in Shields
  7178 | D:7      | Reached skill level 9 in Fighting
  7185 | D:7      | Found a staircase to the Ecumenical Temple.
  7472 | D:7      | Found a bloodstained altar of Trog.
  8155 | D:7      | Found Ziah's Book Shoppe.
  8359 | D:8      | Reached **** piety under Trog
  8429 | D:8      | Reached XP level 10. HP: 91/91 MP: 10/10
  9726 | D:9      | Noticed Psyche
  9741 | D:9      | Killed Psyche
  9742 | D:9      | Reached skill level 10 in Fighting
  9863 | D:10     | Entered Level 10 of the Dungeon
  9863 | D:10     | Found Kuaczine's Weapon Shop.
  9974 | D:10     | Reached skill level 1 in Evocations
 10009 | D:10     | Found a staircase to the Lair.
 10125 | D:10     | Noticed Erolcha
 10136 | D:10     | Killed Erolcha
 10140 | D:10     | Reached skill level 5 in Shields
 10265 | D:11     | Noticed a brown ugly thing
 10274 | D:11     | Killed a brown ugly thing
 10380 | D:11     | Reached XP level 11. HP: 101/101 MP: 11/11
 10455 | D:11     | Found a gate leading to a gauntlet.
 10534 | Gauntlet | Entered a Gauntlet
 10534 | Gauntlet | Found a transporter.
 10534 | Gauntlet | Found a transporter.
 10538 | Gauntlet | Found a transporter.
 10538 | Gauntlet | Found a transporter.
 10543 | Gauntlet | Noticed a cacodemon
 10550 | Gauntlet | Found a transporter.
 10556 | Gauntlet | Noticed a hell hog
 10557 | Gauntlet | Found a transporter.
 10565 | Gauntlet | Found a transporter.
 10567 | Gauntlet | Found a transporter.
 10567 | Gauntlet | Found a transporter.
 10567 | Gauntlet | Noticed an orange crystal statue
 10571 | Gauntlet | Found a transporter.
 10607 | Gauntlet | Found a transporter.
 10608 | Gauntlet | Noticed a ghost crab
 10631 | Gauntlet | Found a large runed translucent door.
 10656 | Gauntlet | Found a transporter.
 10666 | Gauntlet | Found a transporter.
 10668 | Gauntlet | Found a large runed translucent door.
 10668 | Gauntlet | Found a large runed translucent door.
 10669 | Gauntlet | Found a large runed translucent door.
 10669 | Gauntlet | Found a large runed translucent door.
 10670 | Gauntlet | Found a large runed translucent door.
 10670 | Gauntlet | Found a runed translucent door.
 10670 | Gauntlet | Found a runed translucent door.
 10670 | Gauntlet | Found a large runed translucent door.
 10670 | Gauntlet | Found a large runed translucent door.
 10671 | Gauntlet | Found a large runed translucent door.
 10671 | Gauntlet | Found a large runed translucent door.
 10674 | Gauntlet | Found a large runed translucent door.
 10674 | Gauntlet | Found a large runed translucent door.
 10676 | Gauntlet | Found a large runed translucent door.
 10676 | Gauntlet | Found a large runed translucent door.
 10676 | Gauntlet | Found a large runed translucent door.
 10678 | Gauntlet | Found a runed translucent gate.
 10678 | Gauntlet | Found a runed translucent gate.
 10678 | Gauntlet | Found a runed translucent gate.
 10679 | Gauntlet | Noticed a death yak
 10679 | Gauntlet | Noticed a death yak
 10680 | Gauntlet | Found a transporter.
 10680 | Gauntlet | Noticed a death yak
 10680 | Gauntlet | Noticed a death yak
 10691 | Gauntlet | Found a large runed translucent door.
 10780 | Gauntlet | Found a transporter.
 10796 | Gauntlet | Found a transporter.
 10947 | Gauntlet | Identified the ring of Vammy {Will++ Str+6}
 11008 | Gauntlet | Killed a death yak
 11012 | Gauntlet | Killed a death yak
 11013 | Gauntlet | Reached skill level 10 in Maces & Flails
 11021 | Gauntlet | Killed a death yak
 11022 | Gauntlet | Reached skill level 11 in Fighting
 11107 | Gauntlet | Killed a death yak
 11140 | Gauntlet | Identified the ring of Juergh {AC+4 Int+2}
 11174 | Gauntlet | Noticed a catoblepas
 11186 | Gauntlet | Killed an orange crystal statue
 11281 | Gauntlet | Noticed a minotaur
 11294 | Gauntlet | Killed a minotaur
 11388 | D:11     | Noticed Fannar
 11481 | D:11     | Killed Fannar
 11577 | D:11     | Noticed a boulder beetle
 11600 | D:11     | Killed a boulder beetle
 11601 | D:11     | Reached skill level 5 in Evocations
 11960 | Lair:1   | Entered Level 1 of the Lair of Beasts
 12087 | Lair:1   | Reached XP level 12. HP: 110/110 MP: 12/12
 12368 | Lair:1   | Reached skill level 10 in Dodging
 12864 | Lair:1   | Reached skill level 12 in Fighting
 13067 | Lair:2   | Noticed a seven-headed hydra
 13071 | Lair:2   | Noticed a death yak
 13072 | Lair:2   | Noticed a death yak
 13079 | Lair:2   | Noticed a death yak
 13105 | Lair:2   | Killed a death yak
 13118 | Lair:1   | Killed a seven-headed hydra
 13185 | Lair:2   | Noticed a death yak
 13208 | Lair:2   | Killed a death yak
 13221 | Lair:2   | Killed a death yak
 13224 | Lair:2   | Killed a death yak
 13363 | Lair:2   | Found a runed translucent gate.
 13365 | Lair:2   | Found a runed translucent gate.
 13365 | Lair:2   | Found a runed translucent gate.
 13365 | Lair:2   | Noticed Getsikk Qajo's ghost (novice FeDe)
 13366 | Lair:2   | Noticed DrKleor's ghost (journeyman DsFi)
 13367 | Lair:2   | Noticed Deaus's ghost (journeyman VSFi)
 13367 | Lair:2   | Noticed Hailok's ghost (journeyman MfGl)
 13597 | Lair:2   | Found a staircase to the Swamp.
 14143 | Lair:3   | Noticed a five-headed hydra
 14152 | Lair:3   | Killed a five-headed hydra
 14230 | Lair:3   | Noticed a six-headed hydra
 14241 | Lair:3   | Killed a six-headed hydra
 14342 | Lair:3   | Reached XP level 13. HP: 119/119 MP: 13/13
 14912 | Lair:4   | Reached ***** piety under Trog
 14939 | Lair:4   | Found a hole to the Spider Nest.
 14961 | Lair:4   | Reached skill level 13 in Fighting
 15911 | Lair:5   | Noticed Sonja
 15925 | Lair:5   | Killed Sonja
 16657 | Lair:6   | Entered Level 6 of the Lair of Beasts
 17014 | Lair:6   | Gained mutation: Your tail ends in a venomous barb. [Green
                  | Draconian growth]
 17014 | Lair:6   | Reached XP level 14. HP: 130/130 MP: 14/14
 17086 | Lair:6   | Reached skill level 10 in Shields
 17213 | Lair:6   | Received a gift from Trog
 17214 | Lair:6   | Reached skill level 14 in Fighting
 17439 | Lair:6   | Reached ****** piety under Trog
 17884 | Lair:6   | Found a staircase to the Slime Pits.
 18850 | D:12     | Found a staircase to the Orcish Mines.
 18918 | D:12     | Reached skill level 10 in Evocations
 18958 | D:12     | Found a portal to a secret trove of treasure.
 19217 | Orc:1    | Entered Level 1 of the Orcish Mines
 19300 | Orc:1    | Identified the +10 flail "Tuinux" {flame, rElec Will+
                  | Int-3} (Trog gifted it to you on level 1 of the Orcish
                  | Mines)
 19300 | Orc:1    | Received a gift from Trog
 19402 | Orc:2    | Entered Level 2 of the Orcish Mines
 19525 | Orc:2    | Noticed an orc warlord
 19574 | Orc:2    | Killed an orc warlord
 19765 | Orc:2    | Found a staircase to the Elven Halls.
 19809 | Orc:2    | Found Vopom's General Store.
 19902 | Orc:2    | Bought a scroll of identify for 32 gold pieces
 19925 | Orc:2    | Noticed an orc warlord
 19928 | Orc:2    | Received a gift from Trog
 19947 | Orc:2    | Killed an orc warlord
 19948 | Orc:2    | Reached XP level 15. HP: 46/139 MP: 15/15
 19955 | Orc:2    | Found Bocot's Book Shoppe.
 20290 | Orc:2    | Found Nibbiom's Antique Armour Shop.
 20292 | Orc:2    | Found Cagotos's Antique Weapon Boutique.
 20766 | Orc:2    | Bought a scroll of fog for 32 gold pieces
 20766 | Orc:2    | Bought a potion of attraction for 48 gold pieces
 20766 | Orc:2    | Bought a scroll of noise for 16 gold pieces
 20962 | Orc:1    | Noticed an orc warlord
 20977 | Orc:1    | Received a gift from Trog
 21000 | Orc:1    | Killed an orc warlord
 21716 | D:13     | Reached skill level 15 in Fighting
 22377 | D:13     | Received a gift from Trog
 22763 | D:14     | Noticed Kirke
 22764 | D:14     | Found Sokhlor's Assorted Antiques.
 22772 | D:14     | Killed Kirke
 22780 | D:14     | Bought an ancient buckler for 294 gold pieces
 22780 | D:14     | Identified the +0 buckler of the Spheres {rF++ Will- MP+9
                  | SInv} (You bought it in a shop on level 14 of the Dungeon)
 22780 | D:14     | Bought a scroll of identify for 62 gold pieces
 22914 | D:14     | Found a stormy altar of Qazlal.
 23253 | D:14     | Found a gate to the Vaults.
 23757 | D:15     | Entered Level 15 of the Dungeon
 23889 | D:15     | Identified the +6 chain mail of Efuoget {Rampage rF++ Str+4
                  | Dex-3}
 23928 | D:15     | Received a gift from Trog
 24089 | D:15     | Identified a scroll of acquirement
 24090 | D:15     | Acquired the +3 crown of Dyrovepreva {rElec Int+2 SInv}
 24090 | D:15     | Found the +3 crown of Dyrovepreva {rElec Int+2 SInv}
 24287 | D:15     | Reached XP level 16. HP: 126/150 MP: 16/16
 24890 | D:15     | Found a staircase to the Depths.
 25225 | D:14     | Reached skill level 16 in Fighting
 25467 | Lair:2   | Killed Hailok's ghost
 25477 | Lair:2   | Killed Deaus's ghost
 25485 | Lair:2   | Killed DrKleor's ghost
 25485 | Lair:2   | Received a gift from Trog
 25494 | Lair:2   | Killed Getsikk Qajo's ghost
 25588 | Swamp:1  | Entered Level 1 of the Swamp
 26100 | Swamp:1  | Noticed Roxanne
 26115 | Swamp:1  | Killed Roxanne
 26722 | Swamp:2  | Noticed Jorgrun
 26735 | Swamp:2  | Killed Jorgrun
 27379 | Swamp:3  | Noticed a tentacled monstrosity
 27380 | Swamp:3  | Noticed Nikola
 27700 | Swamp:2  | Killed a tentacled monstrosity
 27937 | Swamp:3  | Killed Nikola
 28082 | Swamp:2  | Received a gift from Trog
 28663 | Swamp:3  | Identified the +0 scimitar "Demon's Nightmare" {vorpal,
                  | SInv}
 28721 | Swamp:3  | Noticed Aizul
 28725 | Swamp:3  | Noticed Louise
 28853 | Swamp:2  | Reached skill level 15 in Maces & Flails
 28865 | Swamp:2  | Killed Aizul
 28865 | Swamp:2  | HP: 7/152 [poisoned by Aizul (bolt of poison)]
 28866 | Swamp:2  | Reached XP level 17. HP: 7/160 MP: 17/17
 28870 | Swamp:2  | HP: 8/160 [poisoned by Aizul (bolt of poison)]
 29007 | Swamp:3  | Killed Louise
 29245 | Swamp:4  | Entered Level 4 of the Swamp
 29245 | Swamp:4  | Noticed Mara
 29382 | Spider:1 | Entered Level 1 of the Spider Nest
 30200 | Spider:2 | Identified the ring of Yredelemnul's Hope {rC+ Int+6}
 30577 | Spider:2 | Reached skill level 17 in Fighting
 30947 | Spider:3 | Received a gift from Trog
 32191 | Spider:4 | Entered Level 4 of the Spider Nest
 32798 | Spider:4 | Received a gift from Trog
 33122 | Spider:4 | HP: 7/162 [entropy weaver (12)]
 33122 | Spider:4 | HP: 1/162 [entropy weaver (6)]
 33122 | Spider:4 | Slain by an entropy weaver

Illustrated notes

Levels and vault maps discovered:
D:1:      dpeg_arrival_subterranean_lakeside_camping, layout_basic,
          hellmonk_ecumenical_altar_leap_of_faith, st_stairs_1,
          solitary_fountain, dk_noncrumbling_3, chequers_decorated_corner
D:2:      layout_loops_ring
D:3:      layout_rooms, serial_shops,
          nicolae_shop_temple_entry_statues_fountains, uniq_jessica,
          uniq_crazy_yiuf_cottage
D:4:      nicolae_cairo_tiling_large_dashed, layout_basic, serial_glass,
          glass_columns_a, glass_columns_c, glass_columns_b, glass_columns_b,
          minmay_parallelograms, minmay_misc_feat_rugged, uniq_ijyb
D:5:      layout_loops_corners
D:6:      layout_basic, nicolae_overflow_crystal_walls, uniq_grinder,
          uniq_pikel, uniq_edmund
D:7:      kennysheep_slugbush, layout_layer_cave, lemuel_round_altar,
          minmay_temple_entry_overgrown, serial_shops, nicolae_shop_stone
D:8:      layout_loops_ring
D:9:      layout_basic, uniq_psyche
D:10:     layout_big_octagon, lair_entry_dummy, serial_shops, shop, uniq_erolcha
D:11:     layout_loops_ring, gauntlet_entry_generic,
          hangedman_abyss_or_decor_lesser_grid, uniq_fannar
D:12:     layout_roguey [special_room_orc], david_orc_2, enter_trove_1
D:13:     layout_gridville, minivault_16, grunt_ministairs_2
D:14:     minmay_diamond_stairs, layout_small_grid, erik_vaults_2,
          grunt_qazlal_clouds, serial_shops, shop,
          chequers_serial_rivers_room_a, nicolae_underground_beach, uniq_kirke
D:15:     grunt_enter_depths_magical_seal, layout_basic, serial_glass,
          glass_columns_a, glass_columns_c, minmay_liquid_box,
          minmay_alternating_orb
Lair:1:   layout_loops_ring, serial_bayou, serial_bayou_lagoon_a,
          serial_bayou_pond_a, serial_bayou_pond_b, serial_bayou_pond_b,
          beast_lair_carwin_6
Lair:2:   layout_gridlike, nicolae_swamp_entry_splash_gauntlet,
          gammafunk_ghost_cemetery, grunt_megastairs_1, lemuel_fruit_fields,
          serial_bayou_shore_b, lemuel_fruit_tree
Lair:3:   layout_concentric_octagons, chequers_serial_rivers_micro_a
Lair:4:   layout_gridlike, spider_nest_entry_webs, serial_forest,
          infiniplex_forest_3_way, infiniplex_forest_clump_medium,
          infiniplex_forest_clump_small, infiniplex_forest_end_3,
          infiniplex_forest_lined_room_2, infiniplex_forest_clump_small,
          infiniplex_forest_clump_double, infiniplex_forest_clump_small,
          infiniplex_forest_straight_4, infiniplex_forest_end_1
Lair:5:   layout_gridlike, uniq_sonja
Lair:6:   grunt_lair_end_beastmaster, layout_cave_pods, slime_dummy,
          cheibrodos_lair_lostbears, lemuel_fruit_fields, grunt_megastairs_3
Swamp:1:  layout_falls_marsh, evilmike_swamp_ruin_house_4, uniq_roxanne
Swamp:2:  layout_falls_marsh, serial_swamp_ruin, evilmike_swamp_ruin_house_5,
          hangedman_swamp_ruin_wall, uniq_jorgrun
Swamp:3:  layout_basic_swamp, evilmike_swamp_ruin_house_2, swamp_pool3,
          uniq_nikola, uniq_aizul, uniq_louise
Swamp:4:  grunt_swamp_rune_castle, layout_basic_swamp, swamp_pool1, uniq_mara
Spider:1: layout_spider_delve, nicolae_spider_swamp_cousins,
          hangedman_spider_tarantella_strand
Spider:2: layout_spider_delve, nicolae_spider_nook
Spider:3: layout_spider_delve, hellmonk_test_site
Spider:4: hellmonk_spider_rune_bug_friends
Orc:1:    layout_diamond_mine, minmay_orc_temple_a
Orc:2:    grunt_orc_community_town_hall, layout_diamond_mine,
          grunt_orc_community_big_house_2, grunt_orc_community_big_house_1,
          grunt_orc_community_house_3, grunt_orc_community_house_1,
          grunt_orc_community_house_1, grunt_orc_community_house_3, basic_altar

Skill      XL: |  1  2  3  4  5  6  7  8  9 10 11 12 13 14 15 16 17 |
---------------+----------------------------------------------------+-----
Dodging        | 3 4 5 6 7 8 9 10 11 12 13 14 | 14.9
Fighting       | 4 5 6 8 9 10 11 12 13 14 15 16 17 | 17.5
Maces & Flails | 4 5 6 7 8 9 10 11 12 13 14 15 | 15.7
Shields        | 3 5 7 8 9 11 12 13 14 | 14.2
Evocations     | 2 5 7 8 10 11 12 13 | 13.6

Action                   |  1- 3 |  4- 6 |  7- 9 | 10-12 | 13-15 | 16-18 || total
-------------------------+-------+-------+-------+-------+-------+-------++-------
Melee: Mace              |    29 |   109 |   253 |   606 |   836 |       ||  1833
       Flail             |    51 |    70 |    39 |       |   714 |  1026 ||  1900
       Tailslap          |     7 |    24 |    41 |   114 |   308 |   270 ||   764
       Punch             |     1 |     2 |     1 |       |       |       ||     4
       Unarmed           |       |    24 |       |       |       |       ||    24
       Eveningstar       |       |       |       |       |    10 |    32 ||    42
       Demon whip        |       |       |       |       |       |   208 ||   208
Invok: Berserk           |     1 |     4 |     1 |     6 |     3 |     4 ||    19
       Trog's Hand       |       |     1 |     1 |     4 |     1 |     5 ||    12
       Brothers in Arms  |       |       |       |       |     1 |     2 ||     3
 Abil: Breathe Noxious F |       |       |    20 |    34 |    64 |    23 ||   141
  Use: Scroll            |       |     1 |       |    11 |     8 |    10 ||    30
 Stab: Sleeping          |     1 |     3 |       |       |     1 |       ||     5
       Distracted        |       |     1 |       |       |     1 |     2 ||     4
       Confused          |       |       |    11 |    30 |    54 |    13 ||   108
Armor: Skin              |    24 |    62 |    93 |   181 |   295 |   384 ||  1039
Dodge: Dodged            |    47 |   124 |   194 |   380 |   907 |   872 ||  2524
       Repelled          |       |       |       |       |     5 |     5 ||    10
Block: Buckler           |       |       |    14 |   136 |   403 |   185 ||   738
       Tower shield      |       |       |       |       |       |   732 ||   732

Table legend: (Time is in decaauts)
 A = Elapsed time spent in this place.
 B = Non-inter-level travel time spent in this place.
 C = Inter-level travel time spent in this place.
 D = Time resting spent in this place.
 E = Time spent auto-exploring this place.
 F = Levels seen in this place.
 G = Mean time per level.
                   A        B        C        D        E       F      G
               +--------+--------+--------+--------+--------+-----+--------+
         Total |  32789 |  31203 |   1586 |   2339 |  20978 |  32 | 1024.7 |
       Dungeon |  15883 |  15200 |    683 |    560 |  11324 |  15 | 1058.9 |
          Lair |   6792 |   6277 |    515 |    162 |   4458 |   6 | 1132.0 |
         Swamp |   3560 |   3450 |    110 |   1268 |   1443 |   4 |  890.0 |
   Spider Nest |   3530 |   3401 |    129 |    115 |   2329 |   4 |  882.5 |
  Orcish Mines |   2202 |   2055 |    147 |    128 |   1102 |   2 | 1101.0 |
      Gauntlet |    820 |    820 |      0 |    104 |    321 |   1 |  820.0 |
               +--------+--------+--------+--------+--------+-----+--------+

Top non-repeatable levels by time:
     D:5: 1833 daAuts
 Swamp:2: 1820 daAuts
   Orc:2: 1584 daAuts
  Lair:6: 1555 daAuts
  Lair:2: 1455 daAuts
    D:15: 1377 daAuts
     D:7: 1327 daAuts
     D:1: 1221 daAuts
    D:13: 1215 daAuts
     D:2: 1123 daAuts
     D:6: 1119 daAuts
     D:4: 1086 daAuts
    D:14: 1069 daAuts
  Lair:1: 1051 daAuts
  Lair:4: 1043 daAuts
